Map: Year Zero LE

Players

Smileblind - Winner!

  • Race: Protoss Protoss
  • League: Silver
  • Spawn Location: 11:00

VOD

Have the link to the VOD?

Description

Time

  • Played on: Jan. 28, 2019, 9:35 p.m.
  • Length: 26:59
Show
View Real Time Build Order
Export as new Build Order

Smileblind Protoss - Winner!

Build Orders:  

Get SALT Encoding   

  12  0:06  Probe (Chrono Boost)  
  13  0:23  Probe (Chrono Boost)  
  13  0:29  Pylon  
  14  0:39  Probe (Chrono Boost)  
  15  0:42  Assimilator  
  15  0:51  Probe (Chrono Boost)  
  16  1:03  Probe (Chrono Boost)  
  16  1:07  Gateway  
  17  1:18  Assimilator  
  17  1:32  Probe (Chrono Boost)  
  18  1:43  Pylon  
  18  1:49  Probe (Chrono Boost)  
  19  2:06  Probe (Chrono Boost)  
  19  2:09  Gateway  
  20  2:23  Probe (Chrono Boost)  
  20  2:24  Cybernetics Core  
  21  2:33  Zealot  
  22  2:40  Probe (Chrono Boost)  
  22  2:47  Pylon  
  24  2:57  Probe (Chrono Boost)  
  25  3:14  Probe (Chrono Boost)  
  26  3:24  Stalker x2  
  31  3:31  Probe (Chrono Boost)  
  31  3:43  Shield Battery  
  31  3:50  Stargate  
  31  4:15  Warp Gate  
  31  4:39  Nexus  
  31  4:45  Twilight Council  
  31  4:56  Stalker  
  31  4:57  Sentry  
  35  5:31  Gateway  
  35  5:33  Pylon  
  33  5:58  Probe (Chrono Boost)  
  34  6:05  Protoss Air Weapons Level 1  
  34  6:08  Assimilator  
  34  6:15  Probe (Chrono Boost)  
  34  6:18  Assimilator  
  35  6:32  Probe (Chrono Boost)  
  36  6:40  Probe (Chrono Boost)  
  36  6:49  Probe (Chrono Boost)  
  38  6:52  Probe (Chrono Boost)  
  39  7:04  Probe (Chrono Boost)  
  39  7:05  Charge, Void Ray  
  39  7:06  Probe (Chrono Boost)  
  46  7:21  Probe (Chrono Boost)  
  46  7:23  Probe (Chrono Boost)  
  47  7:37  Probe (Chrono Boost)  
  49  7:40  Probe (Chrono Boost)  
  49  7:54  Probe (Chrono Boost)  
  49  7:57  Probe (Chrono Boost)  
  49  7:58  Fleet Beacon  
  51  8:07  Oracle  
  51  8:08  Zealot  
  51  8:09  Probe (Chrono Boost)  
  57  8:20  Probe (Chrono Boost)  
  58  8:32  Probe (Chrono Boost)  
  58  8:37  Robotics Facility  
  59  8:48  Probe (Chrono Boost)  
  60  8:59  Zealot  
  62  9:10  Pylon  
  62  9:13  Pylon, Carrier  
  62  9:16  Pylon  
  62  9:22  Stargate  
  70  9:43  Probe (Chrono Boost)  
  70  9:48  Dark Shrine  
  71  9:54  Blink  
  71  9:55  Probe (Chrono Boost)  
  78  10:38  Carrier  
  78  11:00  Observer  
  85  11:26  Carrier  
  85  11:31  Pylon  
  85  11:33  Pylon  
  85  11:37  Pylon  
  85  11:40  Nexus  
  85  11:49  Pylon  
  85  11:50  Pylon  
  85  11:55  Pylon  
  85  11:58  Immortal  
  95  12:15  Unknown  
  95  12:16  Gateway  
  95  12:18  Gateway  
  95  12:25  Gateway  
  95  12:33  Gateway  
  95  12:36  Gateway  
  95  12:51  Carrier  
  95  12:52  Dark Templar x2  
  95  12:53  Immortal, Dark Templar  
  105  13:04  Gateway  
  105  13:29  Probe (Chrono Boost)  
  104  13:45  Probe (Chrono Boost)  
  97  13:59  Carrier  
  97  14:21  Carrier  
  103  14:45  Sentry  
  105  14:58  Probe (Chrono Boost)  
  111  15:04  Assimilator  
  111  15:08  Assimilator  
  111  15:09  Probe (Chrono Boost)  
  113  15:21  Probe (Chrono Boost)  
  113  15:29  Carrier  
  114  15:32  Probe (Chrono Boost)  
  115  15:42  Shield Battery  
  115  15:45  Shield Battery  
  115  15:46  Probe (Chrono Boost)  
  115  15:48  Shield Battery  
  116  15:51  Carrier  
  122  16:01  Shield Battery, Protoss Air Weapons Level 2  
  122  16:03  Probe (Chrono Boost)  
  124  16:20  Probe (Chrono Boost)  
  130  16:37  Probe (Chrono Boost)  
  131  16:50  Probe (Chrono Boost)  
  131  16:51  Shield Battery  
  131  16:59  Carrier  
  132  17:01  Probe (Chrono Boost)  
  132  17:09  Dark Templar x2  
  137  17:14  Probe (Chrono Boost)  
  138  17:20  Carrier  
  138  17:24  Pylon  
  138  17:26  Pylon  
  145  17:31  Probe (Chrono Boost), Pylon  
  145  17:43  Dark Templar  
  145  17:44  Dark Templar  
  145  17:45  Pylon  
  145  17:47  Pylon  
  150  17:52  Probe (Chrono Boost)  
  150  17:53  Pylon  
  156  18:02  Nexus  
  156  18:29  Carrier  
  156  18:49  Gateway, Protoss Air Armor Level 1  
  156  18:50  Carrier  
  156  18:51  Gateway  
  156  18:57  Gateway  
  162  19:02  Stargate  
  162  19:03  Stargate  
  162  19:05  Observer  
  163  19:16  Pylon  
  163  19:26  Assimilator  
  169  19:32  Assimilator  
  169  19:35  Observer  
  170  19:43  Dark Templar x3  
  170  19:44  Dark Templar  
  170  19:46  Carrier  
  170  19:49  Probe (Chrono Boost)  
  178  19:58  Carrier  
  178  19:59  Carrier  
  179  20:00  Probe (Chrono Boost)  
  180  20:13  Probe (Chrono Boost)  
  200  20:30  Probe (Chrono Boost)  
  159  24:20  Carrier x2  
  159  24:21  Carrier x2  
Tags
 
League
Silver
Matchup
Co-op
Add a new tag
Caveats
  • Supply blocks, unpowered buildings, or Contaminate may cause inaccurate times.
  • Supply counts are checked every 10 seconds.